 Dungeon Crawl Stone Soup version 0.30-a0-953-g5f1da4a474 (webtiles) character file.

Game seed: 7384632903328584594

85 jasper the Shooter (level 4, -5/28 HPs)
             Began as a Gargoyle Hunter on Mar 28, 2023.
             Killed from afar by Terence (7 damage)
             ... with a bolt of light
             ... on level 3 of the Dungeon.
             The game lasted 00:02:44 (1148 turns).

jasper the Shooter (Gargoyle Hunter)                Turns: 1148, Time: 00:02:44

Health: -5/28      AC: 10    Str: 16    XL:     4   Next: 48%
Magic:  4/4        EV: 11    Int: 10    God:
Gold:   91         SH:  0    Dex: 13    Spells: 3/3 levels left

rFire   . . .      SeeInvis .    a - +0 shortbow
rCold   . . .      Faith    .    (shield currently unavailable)
rNeg    + . .      Spirit   .    d - +0 ring mail
rPois   ∞          Reflect  .    (no helmet)
rElec   +          Rampage  .    k - +0 cloak
rCorr   .                        (no gloves)
Will    +....                    (no boots) Stlth
                                 (no amulet)
HPRegen 0.24/turn                l - ring of willpower
MPRegen 0.09/turn                (no ring)

@: confused, mighty, invisible
A: sickness immunity, AC +3, negative energy resistance 1, electricity
resistance, torment resistance 1, petrification resistance
a: no special abilities


You were on level 3 of the Dungeon.
You visited 1 branch of the dungeon, and saw 3 of its levels.

You collected 91 gold pieces.

Inventory:

Hand Weapons
 a - a +0 shortbow (weapon)
Armour
 c - a +0 leather armour
 d - a +0 ring mail (worn)
 k - a +0 cloak (worn)
Jewellery
 g - a ring of wizardry
 l - a ring of willpower (left hand)
Scrolls
 n - a scroll of identify {unknown}
 o - a scroll of fear {unknown}
Potions
 e - 3 potions of might
 f - a potion of invisibility
 h - a potion of resistance
 i - a potion of mutation {unknown}
 j - a potion of degeneration {unknown}
 m - a potion of flight {unknown}


   Skills:
 + Level 3.1 Fighting
 * Level 5.0 Ranged Weapons
 + Level 2.0 Armour
 - Level 1.5 Dodging
 - Level 1.1 Stealth


You had 3 spell levels left.
You didn't know any spells.
Your spell library contained the following spells:

 Spells                   Type           Power      Damage    Failure   Level
 Apportation              Tloc           0%         N/A       56%         1
 Alistair's Intoxication  Tmut/Pois      0%         N/A       100%        5


Dungeon Overview and Level Annotations

Branches:
Dungeon (3/15)

Altars:

Annotations:
D:2 Sigmund
D:3 Terence


Innate Abilities, Weirdness & Mutations

You are immune to sickness and miasma.
Your stone body is resilient. (AC +3)
You are immune to poison.
You resist negative energy. (rN+)
You are resistant to electric shocks. (rElec)
You are resistant to unholy torment.
You are immune to petrification.


Message History

Non-targeted confused fire: a) +0 shortbow
Press: ? - help, Q - select action Dir - look around, f - activate You shoot an arrow.
Terence misses you.
Non-targeted confused fire: a) +0 shortbow
Press: ? - help, Q - select action Dir - look around, f - activate You shoot an arrow.
The arrow closely misses Terence.
You feel less confused. Terence hits you with a +0 flail.
* * * LOW HITPOINT WARNING * * *
You take 5 damage, and have 4/28 hp.
Terence zaps a wand.
The bolt of light misses you.
Terence zaps a wand.
The bolt of light misses you.
Really read the scroll of immolation?
As you read the scroll of immolation, it crumbles to dust.
The creatures around you are filled with an inner flame!
Terence zaps a wand.
The bolt of light misses you.
Fire: a) +0 shortbow
Press: ? - help, Q - select action Shift-Dir - straight line, f - Terence
Aim: Terence, wielding a +0 flail, wearing a +0 chain mail and carrying a wand of light (4) (moderately wounded, inner flame, unable to see you, 68% to hit)
You shoot an arrow. The arrow hits Terence.
Flame seeps out of Terence.
Terence is heavily wounded.
Terence is engulfed in blazing flames.
Flame seeps out of Terence.
Terence zaps a wand.
The bolt of light hits you.
* * * LOW HITPOINT WARNING * * *
You take 4 damage, and have 1/28 hp.
Fire: a) +0 shortbow
Press: ? - help, Q - select action Shift-Dir - straight line, f/p - Terence
Aim: Terence, wielding a +0 flail, wearing a +0 chain mail and carrying a wand of light (3) (almost dead, inner flame, unable to see you, 68% to hit)
You shoot an arrow.
The arrow hits Terence but does no damage.
Terence is almost dead.
Terence zaps a wand.
The bolt of light misses you.
Fire: a) +0 shortbow
Press: ? - help, Q - select action Shift-Dir - straight line, f/p - Terence
Aim: Terence, wielding a +0 flail, wearing a +0 chain mail and carrying a wand of light (2) (almost dead, inner flame, unable to see you, 68% to hit)
You shoot an arrow. The arrow barely misses Terence.
Terence zaps a wand.
The bolt of light hits you!
You are confused.
You die...

..................#.#
..................#..
....................#
...................# .
..............#...##.#
.....................
.........###........
....#.........#######
...##....@.@.......#
#...##..####....##
#................#
#................#
...............###
...............#
...............###
.................#
##.........#.....#


You could see Terence (inner flame, unable to see you).

Vanquished Creatures
  Jessica (D:2)
  3 adders
  3 endoplasms (D:2)
  2 giant cockroaches
  5 goblins
  6 hobgoblins
  4 quokkas
  2 ball pythons (D:1)
  2 bats
  A kobold (D:2)
29 creatures vanquished.

Vanquished Creatures (others)
  An adder (D:3)
1 creature vanquished.

Grand Total: 30 creatures vanquished

Notes
Turn   | Place    | Note
-------+----------+-------------------------------------------
     0 | D:1      | jasper the Gargoyle Hunter began the quest for the Orb.
     0 | D:1      | Reached XP level 1. HP: 12/12 MP: 1/1
   118 | D:1      | Found a faded altar of an unknown god.
   244 | D:1      | Reached XP level 2. HP: 18/18 MP: 2/2
   627 | D:1      | Reached skill level 1 in Armour
   725 | D:2      | Reached XP level 3. HP: 22/22 MP: 3/3
   766 | D:2      | Noticed Jessica
   783 | D:2      | Killed Jessica
   784 | D:2      | Reached XP level 4. HP: 23/27 MP: 4/4
  1044 | D:2      | Noticed Sigmund
  1089 | D:3      | Reached skill level 5 in Ranged Weapons
  1120 | D:3      | Noticed Terence
  1145 | D:3      | HP: 1/28 [Terence/bolt of light (5)]
  1148 | D:3      | Killed from afar by Terence

Illustrated notes

Levels and vault maps discovered:
D:1:      evilmike_arrival_grusome_pit, layout_loops_ring,
          hellmonk_ecumenical_altar_run_dry, chequers_serial_rivers_marsh
D:2:      layout_rooms, uniq_crazy_yiuf_cottage, uniq_sigmund, uniq_jessica
D:3:      layout_basic, mainiacjoe_overflow_alcove_1, uniq_ijyb, uniq_terence

Skill      XL: |  1  2  3  4 |
---------------+-------------+-----
Armour         | 1 2 |  2.0
Fighting       | 3 |  3.1
Ranged Weapons | 5 |  5.0
Dodging        | |  1.5
Stealth        | |  1.1

Action                     |  1- 3 |  4- 6 || total
---------------------------+-------+-------++-------
   Fire: Shortbow          |    84 |    33 ||   117
    Use: Potion            |     1 |     2 ||     3
         Scroll            |       |     1 ||     1
 Armour: Ring mail         |    28 |     3 ||    31
  Dodge: Dodged            |    42 |    12 ||    54

Table legend: (Time is in decaauts)
 A = Elapsed time spent in this place.
 B = Non-inter-level travel time spent in this place.
 C = Inter-level travel time spent in this place.
 D = Time resting spent in this place.
 E = Time spent auto-exploring this place.
 F = Levels seen in this place.
 G = Mean time per level.
                   A        B        C        D        E       F      G
               +--------+--------+--------+--------+--------+-----+--------+
         Total |   1199 |   1124 |     75 |      0 |    847 |   3 |  399.7 |
       Dungeon |   1199 |   1124 |     75 |      0 |    847 |   3 |  399.7 |
               +--------+--------+--------+--------+--------+-----+--------+

Top non-repeatable levels by time:
     D:1: 709 daAuts
     D:2: 408 daAuts
     D:3: 81 daAuts
